 Dungeon Crawl Stone Soup version 0.21.1-1-g345015f (webtiles) character file.

51 kae the Insei (level 3, 0/26 HPs)
             Began as a Demonspawn Transmuter on June 12, 2018.
             Succumbed to an adder's poison
             ... on level 3 of the Dungeon.
             The game lasted 00:02:38 (3021 turns).

kae the Insei (Demonspawn Transmuter)               Turns: 3021, Time: 00:02:38

Health: 0/26       AC:  2    Str:  8 (10) XL:     3   Next: 58%
Magic:  2/6        EV: 18    Int: 11 (14) God:
Gold:   180        SH:  0    Dex: 16 (19) Spells: 0/6 levels left

rFire    . . .     SeeInvis .     - Unarmed
rCold    . . .     Gourm    .   (no shield)
rNeg     . . .     Faith    .   b - +0 robe
rPois    .         Spirit   .   (no helmet)
rElec    .         Reflect  .   (no cloak)
rCorr    .         Harm     .   (no gloves)
MR       .....                  (no boots)
Stlth    ++........             (no amulet)
HPRegen  0.08/turn              (no ring)
MPRegen  0.10/turn              (no ring)

@: agile, lethally poisoned (0 -> -2), very slightly contaminated
A: rot immunity
a: no special abilities


You were on level 3 of the Dungeon.
You were hungry.

You visited 1 branch of the dungeon, and saw 3 of its levels.

You collected 180 gold pieces.

Inventory:

Missiles
 a - 33 arrows
Armour
 b - a +0 robe (worn)
Jewellery
 o - a +3 ring of slaying {unknown}
Scrolls
 h - 4 scrolls of teleportation
 l - a scroll of blinking {unknown}
Potions
 f - a potion of haste
 g - a potion of ambrosia
Books
 c - a book of Changes

   Spells                             Type                      Level
   a - Beastly Appendage              Transmutation                1
   b - Sticks to Snakes               Transmutation                2
   c - Spider Form                    Transmutation/Poison         3
   d - Ice Form                       Ice/Transmutation            4
   e - Blade Hands                    Transmutation                5
 n - a book of Misfortune

   Spells                             Type                      Level
   a - Confusing Touch                Hexes                        1
   b - Confuse                        Hexes                        3
   c - Gell's Gravitas                Translocation                3
   d - Petrify                        Transmutation/Earth          4
   e - Metabolic Englaciation         Hexes/Ice                    5
   f - Yara's Violent Unravelling     Hexes/Transmutation          5
Comestibles
 d - 8 rations


   Skills:
 + Level 1.5 Fighting
 + Level 2.2 Dodging
 * Level 3.3 Unarmed Combat
 + Level 2.3 Spellcasting
 + Level 2.1 Transmutations


You couldn't memorise any spells.
You knew the following spells:

 Your Spells              Type           Power        Failure   Level  Hunger
a - Beastly Appendage     Tmut           #.....       12%         1    ##.....
b - Sticks to Snakes      Tmut           #.......     19%         2    ###....
c - Spider Form           Tmut/Pois      #.........   50%         3    ####...


Dungeon Overview and Level Annotations

Branches:
Dungeon (3/15)

Altars:
Vehumet


Innate Abilities, Weirdness & Mutations

You are immune to rotting.


Message History

* * * LOW HITPOINT WARNING * * *
You are lethally poisoned!
The adder poisons you! The adder barely misses you.
All of the chunks of flesh in your inventory have rotted away.
As you read the scroll labeled SOMOYM XIXEE, it crumbles to dust.
You assume a fearsome visage.
The adder looks frightened! x2
It was a scroll of fear.
* * * LOW HITPOINT WARNING * * *
You feel sick.
It was a potion of agility.
You feel agile all of a sudden.
It was a potion of degeneration.
There was something very wrong with that liquid.
You feel weakened.
You feel dopey.
You feel clumsy.
* * * LOW HITPOINT WARNING * * *
You feel sick.
There is a lethal amount of poison in your body!
* * * LOW HITPOINT WARNING * * *
You feel sick.
You die...

#.#...#.###.#.#####.#.....≈..
#.#.........†.....#..........
#.#.#.....#.#.###.#..........
#.#.#.#.#.#.#.# #............
#.#.#.#.#.#.#.###............
#...#.#...#.#.##.............
#.#.#>#####.#.##.............
#.#.#.......#.##........####.
#.#.####......@........##
#.#.# #........≈......# #.#..
...........%.$..#
#.######........?......#
#.#......).#####........#
#.#.######. ............ #
#......# # ............%.
#.###....# ....#............
#......#### ....#....?.....S.


There were no monsters in sight!

Vanquished Creatures
  An adder (D:2)
  A worm (D:2)
  2 leopard geckos
  3 ball pythons (D:3)
  A giant cockroach (D:2)
  4 goblins
  5 hobgoblins
  3 jackals (D:1)
  8 kobolds
  6 bats
  4 rats
  A plant (D:1)
39 creatures vanquished.

Notes
Turn   | Place    | Note
-------+----------+-------------------------------------------
     0 | D:1      | kae the Demonspawn Transmuter began the quest for the Orb.
     0 | D:1      | Reached XP level 1. HP: 15/15 MP: 3/3
   706 | D:2      | Gained mutation: You are immune to rotting. [demonic ancestry]
   706 | D:2      | Reached XP level 2. HP: 21/21 MP: 3/5
   758 | D:2      | Learned a level 2 spell: Sticks to Snakes
   773 | D:2      | Reached skill level 3 in Unarmed Combat
  1532 | D:1      | Reached XP level 3. HP: 26/26 MP: 4/6
  2417 | D:2      | Learned a level 3 spell: Spider Form
  2773 | D:3      | Found a radiant altar of Vehumet.
  3017 | D:3      | HP: 1/26 [poisoned by an adder]
  3021 | D:3      | Succumbed to an adder's poison

Skill      XL: |  1  2 |
---------------+-------+-----
Dodging        | 2 |  2.2
Unarmed Combat | 3 |  3.3
Transmutations | 2 |  2.1
Fighting       | |  1.5
Spellcasting   | |  2.3

Action                   || total
-------------------------++-------
Melee: Unarmed           ||   239
       Headbutt          ||    11
       Kick              ||     5
       Punch             ||     1
 Cast: Beastly Appendage ||    22
       Sticks to Snakes  ||     3
  Use: Potion            ||     4
       Scroll            ||     6
 Stab: Distracted        ||     1
  Eat: Chunk             ||     7
Armor: Robe              ||    34
Dodge: Dodged            ||   131
